 Dungeon Sprint DCSS version 0.22.1-1-ga44c0e56f4 (webtiles) character file.

241 MuseOD the Covert (level 5, 0/30 HPs)
             Began as a Spriggan Enchanter on Sept 21, 2018.
             Slain by a neqoxec (13 damage)
             ... in the Dungeon (Sprint II: "The Violet Keep of Menkaure").
             The game lasted 00:00:28 (44 turns).

MuseOD the Covert (Spriggan Enchanter)                Turns: 44, Time: 00:00:28

Health: 0/30       AC:  2    Str:  4    XL:     5   Next: 80%
Magic:  7/10       EV: 18    Int: 17    God:
Gold:   0          SH:  0    Dex: 17    Spells: 3/9 levels left

rFire    . . .     SeeInvis +   a - +1 dagger
rCold    . . .     Gourm    .   (shield restricted)
rNeg     . . .     Faith    .   b - +0 robe
rPois    .         Spirit   .   (helmet restricted)
rElec    .         Reflect  .   (no cloak)
rCorr    .         Harm     .   (gloves unavailable)
MR       .....     NoTele   +   (boots unavailable)
Stlth    +++++.....             (no amulet)
HPRegen  0.10/turn              (no ring)
MPRegen  0.12/turn              (no ring)

@: berserk cooldown, very slightly contaminated, very quick
A: very small, unfitting armour, see invisible, herbivore, speed 3, slow
metabolism 2
a: no special abilities


You were in the Dungeon.
You were not hungry.

You visited 1 branch

Inventory:

Hand Weapons
 a - a +1 dagger (weapon)
Armour
 b - a +0 robe (worn)
Scrolls
 j - a scroll of blinking
Potions
 e - a potion of curing
 f - a potion of heal wounds
 g - a potion of haste
 h - a potion of magic
Comestibles
 d - a ration


   Skills:
 + Level 4.8 Fighting
 * Level 9.4 Short Blades
 - Level 3.0 Dodging
 + Level 10.3 Stealth
 - Level 2.6 Spellcasting
 - Level 3.6 Hexes


You had 3 spell levels left.
You knew the following spells:

 Your Spells              Type           Power        Failure   Level  Hunger
a - Corona                Hex            ##.....      4%          1    #......
b - Ensorcelled Hibernat  Hex/Ice        #.....       13%         2    ##.....
c - Confuse               Hex            ##......     12%         3    ###....

Your spell library contained the following spells:

 Spells                   Type           Power        Failure   Level  Hunger
 Tukima's Dance           Hex            ##......     12%         3    ###....
 Dazzling Spray           Conj/Hex       #.....       26%         3    ###....


Dungeon Overview and Level Annotations

Branches:
Dungeon (1/1)

Altars:


Innate Abilities, Weirdness & Mutations

You are very small and have problems with some larger weapons.
You are too small for most types of armour.
You have supernaturally acute eyesight. (SInv)
You are a herbivore.
You cover ground extremely quickly.
You need to consume almost no food.


Message History

Confirm with . or Enter, or press ? or * to list all spells.
Aiming: Confuse (safe; 12% risk of failure)
Press: ? - help, Shift-Dir - straight line, f - neqoxec
Aim: a neqoxec (chance to defeat MR: 28%)
You miscast Confuse.
You feel off-balance for a moment.
You feel yourself speed up.
The neqoxec gestures.
Casting: Confuse (safe; 12% risk of failure)
Confirm with . or Enter, or press ? or * to list all spells.
You don't have enough magic to cast that spell.
Unknown command.
Magic courses through your body. The neqoxec completely misses you.
The shadow imp closely misses you.
Casting: Confuse (safe; 12% risk of failure)
Confirm with . or Enter, or press ? or * to list all spells.
Aiming: Confuse (safe; 12% risk of failure)
Press: ? - help, Shift-Dir - straight line, f/p - neqoxec
Aim: a neqoxec (chance to defeat MR: 28%)
The neqoxec easily resists.
The neqoxec hits you!
You die...

## ## H# #H
### .#.
#3###+# #
#.#@##.###a.#
53$##5.<.+a#
.#≈#5
###.###..#
▓###≈## #+# #
####


You could see a neqoxec and a shadow imp.

Vanquished Creatures
  2 neqoxecs (D)
2 creatures vanquished.

Vanquished Creatures (others)
  A crocodile (D)
1 creature vanquished.

Grand Total: 3 creatures vanquished

Notes
Turn   | Place    | Note
-------+----------+-------------------------------------------
     0 | D        | MuseOD the Spriggan Enchanter began the quest for the Orb.
     0 | D        | Reached XP level 1. HP: 9/9 MP: 5/5
     1 | D        | Noticed a worker ant
     1 | D        | Noticed a worker ant
     4 | D        | Noticed a hippogriff
     4 | D        | Noticed a hippogriff
     7 | D        | Noticed a neqoxec
    12 | D        | Noticed an iron imp
    14 | D        | Killed a neqoxec
    14 | D        | Reached skill level 8 in Stealth
    14 | D        | Reached XP level 2. HP: 16/16 MP: 6/6
    14 | D        | Reached XP level 3. HP: 20/20 MP: 8/8
    14 | D        | Reached XP level 4. HP: 25/25 MP: 9/9
    22 | D        | Killed a crocodile
    26 | D        | Learned a level 2 spell: Ensorcelled Hibernation
    29 | D        | Noticed a neqoxec
    30 | D        | Learned a level 3 spell: Confuse
    35 | D        | Noticed a neqoxec
    35 | D        | Noticed a neqoxec
    40 | D        | Killed a neqoxec
    40 | D        | Reached skill level 10 in Stealth
    40 | D        | Reached XP level 5. HP: 12/30 MP: 4/10
    44 | D        | Slain by a neqoxec

Skill      XL: |  1  2  3  4 |
---------------+-------------+-----
Fighting       | 3 4 |  4.8
Short Blades   | 7 9 |  9.4
Stealth        | 8 10 | 10.3
Dodging        | |  3.0
Spellcasting   | |  2.6
Hexes          | |  3.6

Action                   |  1- 3 |  4- 6 || total
-------------------------+-------+-------++-------
Melee: Dagger            |     5 |     6 ||    11
 Cast: Confuse           |       |     2 ||     2
  Use: Potion            |     1 |     1 ||     2
 Stab: Confused          |       |     1 ||     1
Dodge: Dodged            |     5 |     2 ||     7
